General information
- name: BNet
- type: Ladder team game (AT/RT)
- host: Battle.net
- saver: Kvelertak
map: Deadlands
- players: 8
- length: 27:28
- speed: Fast
- version: 1.26 W3XP
- replay type: Public
» download(250 KB)
Players
team 1 (winner)
7hiNKTaNK (
pink | 208 APM | 3713 actions | 17:53)
4 Archmage
2 Summon Water Elemental
2 Brilliance Aura
2 Mountain King
1 Storm Bolt
1 Bash
1 Paladin
1 Divine Shield
» actions
| Assign group hotkey | 60 | |
| Basic commands | 60 | |
| Build / train | 124 | |
| Enter build submenu | 31 | |
| Enter hero's abilities submenu | 7 | |
| Give item / drop item | 1 | |
| Right click | 1585 | |
| Select / deselect | 305 | |
| Select group hotkey | 1359 | |
| Use ability | 181 | |
3713 total
» units
| Peasant | 24 | |
| Footman | 8 | |
| Priest | 6 | |
| Sorceress | 2 | |
| Spell Breaker | 6 | |
46 total
» upgrades
| Defend | 1 | |
| Lumber Harvesting | 1 | |
| Masonry | 2 | |
| Sorceress Training | 8 | |
| Priest Training | 7 | |
| Magic Sentry | 1 | |
20 total
» buildings
| Altar of Kings | 1 | |
| Farm | 9 | |
| Barracks | 1 | |
| Scout Tower | 10 | |
| Arcane Tower | 3 | |
| Arcane Vault | 1 | |
| Lumber Mill | 1 | |
| Town Hall | 2 | |
| Keep | 2 | |
| Guard Tower | 11 | |
| Arcane Sanctum | 2 | |
| Castle | 4 | |
| Blacksmith | 1 | |
| Workshop | 2 | |
50 total
» build order
00:12 Altar of Kings
00:19 Farm
00:36 Barracks
00:56 Farm
01:45 Scout Tower
02:04 Farm
02:15 Arcane Tower
02:50 Farm
03:35 Arcane Vault
04:02 Lumber Mill
04:42 Town Hall
04:44 Scout Tower
04:52 Scout Tower
05:10 Arcane Tower
05:10 Arcane Tower
05:17 Town Hall
05:56 Keep
05:56 Keep
05:59 Scout Tower
06:18 Scout Tower
06:42 Scout Tower
07:36 Guard Tower
07:37 Guard Tower
07:39 Scout Tower
07:54 Guard Tower
07:55 Scout Tower
08:04 Scout Tower
08:10 Guard Tower
08:12 Scout Tower
08:21 Arcane Sanctum
08:30 Arcane Sanctum
09:06 Farm
09:07 Farm
09:08 Farm
09:32 Farm
09:35 Farm
11:57 Guard Tower
11:57 Guard Tower
12:50 Castle
12:51 Castle
12:51 Castle
13:34 Guard Tower
13:35 Guard Tower
13:35 Guard Tower
13:43 Blacksmith
15:48 Workshop
15:52 Workshop
» items
| Scroll of Town Portal | 3 | |
| Potion of Healing | 1 | |
| Lesser Clarity Potion | 1 | |
| Scroll of Regeneration | 1 | |
6 total
Kvelertak (
green | 88 APM | 2412 actions | 27:28)
5 Archmage
3 Summon Water Elemental
2 Brilliance Aura
» actions
| Assign group hotkey | 157 | |
| Basic commands | 64 | |
| Build / train | 131 | |
| ESC pressed | 2 | |
| Enter build submenu | 47 | |
| Enter hero's abilities submenu | 5 | |
| Give item / drop item | 3 | |
| Right click | 908 | |
| Select / deselect | 355 | |
| Select group hotkey | 595 | |
| Use ability | 145 | |
2412 total
» units
| Peasant | 28 | |
| Footman | 6 | |
| Gryphon Rider | 6 | |
| Goblin Shredder | 4 | |
| Dragonhawk Rider | 7 | |
51 total
» upgrades
| Masonry | 3 | |
| Lumber Harvesting | 2 | |
| Storm Hammers | 1 | |
| Swords | 3 | |
| Armor | 3 | |
| Animal War Training | 1 | |
| Cloud | 1 | |
| Backpack | 1 | |
15 total
» buildings
| Altar of Kings | 2 | |
| Barracks | 1 | |
| Farm | 8 | |
| Arcane Vault | 1 | |
| Keep | 4 | |
| Town Hall | 5 | |
| Lumber Mill | 1 | |
| Scout Tower | 20 | |
| Castle | 2 | |
| Guard Tower | 27 | |
| Gryphon Aviary | 2 | |
| Blacksmith | 2 | |
75 total
» build order
00:51 Altar of Kings
00:53 Barracks
00:54 Farm
01:04 Farm
01:23 Farm
02:12 Farm
02:18 Arcane Vault
02:38 Farm
03:57 Keep
03:58 Keep
03:58 Keep
04:26 Town Hall
05:22 Lumber Mill
06:14 Scout Tower
06:15 Scout Tower
06:15 Scout Tower
06:16 Scout Tower
06:18 Scout Tower
06:44 Castle
06:45 Castle
06:46 Guard Tower
06:46 Guard Tower
06:47 Guard Tower
06:48 Guard Tower
06:48 Guard Tower
06:48 Guard Tower
06:48 Guard Tower
07:33 Guard Tower
07:33 Guard Tower
07:51 Gryphon Aviary
08:11 Gryphon Aviary
09:27 Town Hall
09:30 Town Hall
09:49 Scout Tower
09:51 Scout Tower
09:52 Scout Tower
09:53 Scout Tower
10:13 Scout Tower
10:14 Scout Tower
10:14 Scout Tower
10:16 Scout Tower
10:43 Guard Tower
10:44 Guard Tower
10:46 Guard Tower
11:07 Guard Tower
11:08 Guard Tower
11:32 Scout Tower
11:35 Scout Tower
11:37 Scout Tower
11:41 Scout Tower
12:00 Guard Tower
12:08 Guard Tower
12:08 Guard Tower
12:17 Guard Tower
12:43 Guard Tower
12:44 Guard Tower
12:44 Guard Tower
13:08 Scout Tower
13:09 Scout Tower
13:09 Scout Tower
14:07 Blacksmith
14:08 Blacksmith
14:29 Guard Tower
20:22 Town Hall
20:45 Guard Tower
20:46 Guard Tower
21:23 Farm
21:25 Farm
21:30 Farm
21:58 Town Hall
26:12 Altar of Kings
» items
| Scroll of Regeneration | 2 | |
| Scroll of Town Portal | 5 | |
| Staff of Sanctuary | 1 | |
| Potion of Healing | 2 | |
| Ivory Tower | 2 | |
12 total
TOBY-GEARHEART. (
red | 60 APM | 1656 actions | 27:28)
8 Mountain King
3 Storm Bolt
3 Bash
1 Avatar
1 Thunder Clap
» actions
| Assign group hotkey | 38 | |
| Basic commands | 5 | |
| Build / train | 72 | |
| Enter build submenu | 21 | |
| Enter hero's abilities submenu | 8 | |
| Give item / drop item | 2 | |
| Remove unit from queue | 1 | |
| Right click | 669 | |
| Select / deselect | 170 | |
| Select group hotkey | 583 | |
| Use ability | 87 | |
1656 total
» units
| Peasant | 11 | |
| Gryphon Rider | 8 | |
| Dragonhawk Rider | 8 | |
| Siege Engine | 3 | |
30 total
» upgrades
| Masonry | 3 | |
| Lumber Harvesting | 2 | |
| Swords | 2 | |
| Animal War Training | 1 | |
| Storm Hammers | 1 | |
| Armor | 2 | |
| Cloud | 1 | |
| Barrage | 1 | |
13 total
» buildings
| Altar of Kings | 1 | |
| Farm | 11 | |
| Lumber Mill | 1 | |
| Scout Tower | 9 | |
| Arcane Tower | 1 | |
| Guard Tower | 6 | |
| Keep | 1 | |
| Blacksmith | 1 | |
| Barracks | 1 | |
| Castle | 1 | |
| Gryphon Aviary | 3 | |
| Arcane Vault | 4 | |
40 total
» build order
00:19 Altar of Kings
00:23 Farm
01:15 Lumber Mill
01:27 Farm
01:36 Scout Tower
01:38 Scout Tower
02:12 Arcane Tower
02:19 Guard Tower
02:23 Scout Tower
02:24 Scout Tower
02:26 Scout Tower
02:27 Scout Tower
02:55 Guard Tower
02:57 Guard Tower
03:18 Guard Tower
03:42 Keep
04:40 Scout Tower
04:40 Scout Tower
04:47 Blacksmith
05:21 Guard Tower
05:26 Barracks
06:04 Castle
06:08 Farm
06:35 Gryphon Aviary
06:40 Gryphon Aviary
07:31 Farm
07:32 Farm
07:32 Farm
07:33 Farm
07:34 Farm
07:34 Farm
07:39 Arcane Vault
08:33 Gryphon Aviary
13:47 Arcane Vault
16:03 Arcane Vault
17:21 Arcane Vault
20:07 Farm
20:07 Farm
» items
| Staff of Teleportation | 1 | |
| Scroll of Regeneration | 2 | |
| Potion of Mana | 1 | |
| Scroll of Town Portal | 2 | |
| Lesser Clarity Potion | 1 | |
7 total

»
huge-noob (
yellow | 46 APM | 1271 actions | 27:28)
3 Death Knight
2 Death Coil
1 Unholy Aura
» actions
| Basic commands | 2 | |
| Build / train | 67 | |
| Enter build submenu | 54 | |
| Enter hero's abilities submenu | 3 | |
| Remove unit from queue | 5 | |
| Right click | 638 | |
| Select / deselect | 434 | |
| Use ability | 68 | |
1271 total
» units
| Acolyte | 12 | |
| Ghoul | 6 | |
| Crypt Fiend | 1 | |
| Necromancer | 9 | |
| Meatwagon | 4 | |
| Banshee | 11 | |
43 total
» upgrades
| Unholy Strength | 3 | |
| Unholy Armor | 3 | |
| Necromancer Training | 2 | |
| Exhume Corpses | 1 | |
| Banshee Training | 2 | |
11 total
» buildings
| Altar of Darkness | 1 | |
| Tomb of Relics | 1 | |
| Crypt | 1 | |
| Ziggurat | 22 | |
| Graveyard | 1 | |
| Spirit Tower | 5 | |
| Halls of the Dead | 1 | |
| Temple of the Damned | 2 | |
| Slaughterhouse | 2 | |
| Black Citadel | 1 | |
| Sacrificial Pit | 1 | |
| Necropolis | 1 | |
| Boneyard | 2 | |
41 total
» build order
00:39 Altar of Darkness
00:42 Tomb of Relics
00:45 Crypt
00:49 Ziggurat
01:07 Ziggurat
02:21 Graveyard
02:38 Ziggurat
04:52 Ziggurat
04:56 Ziggurat
05:38 Ziggurat
05:40 Ziggurat
06:16 Spirit Tower
06:45 Spirit Tower
07:20 Ziggurat
07:29 Ziggurat
07:39 Halls of the Dead
08:07 Ziggurat
08:13 Ziggurat
08:28 Ziggurat
09:14 Spirit Tower
09:21 Spirit Tower
10:02 Temple of the Damned
10:03 Temple of the Damned
10:06 Slaughterhouse
10:10 Slaughterhouse
10:37 Ziggurat
10:39 Ziggurat
10:40 Ziggurat
10:43 Ziggurat
12:39 Black Citadel
12:47 Spirit Tower
15:13 Ziggurat
15:14 Ziggurat
15:16 Ziggurat
15:19 Ziggurat
15:23 Ziggurat
15:25 Ziggurat
26:04 Sacrificial Pit
26:16 Necropolis
26:54 Boneyard
27:00 Boneyard
» items
team 2 (loser)
Joeyn (
blue | 43 APM | 1153 actions | 26:57)
5 Death Knight
3 Death Coil
2 Unholy Aura
5 Lich
3 Frost Nova
2 Dark Ritual
» actions
| Assign group hotkey | 22 | |
| Build / train | 50 | |
| Enter build submenu | 14 | |
| Enter hero's abilities submenu | 10 | |
| Give item / drop item | 1 | |
| Remove unit from queue | 1 | |
| Right click | 534 | |
| Select / deselect | 188 | |
| Select group hotkey | 289 | |
| Use ability | 44 | |
1153 total
» units
| Acolyte | 6 | |
| Ghoul | 8 | |
| Crypt Fiend | 4 | |
| Frost Wyrm | 6 | |
24 total
» upgrades
| Creature Attack | 2 | |
| Web | 1 | |
| Freezing Breath | 1 | |
4 total
» buildings
| Ziggurat | 9 | |
| Crypt | 1 | |
| Altar of Darkness | 1 | |
| Graveyard | 1 | |
| Tomb of Relics | 1 | |
| Nerubian Tower | 1 | |
| Halls of the Dead | 1 | |
| Sacrificial Pit | 1 | |
| Black Citadel | 1 | |
| Boneyard | 2 | |
19 total
» build order
00:53 Ziggurat
00:58 Crypt
01:01 Altar of Darkness
01:06 Graveyard
01:21 Ziggurat
01:34 Ziggurat
02:05 Tomb of Relics
02:58 Nerubian Tower
03:25 Halls of the Dead
04:51 Ziggurat
05:52 Sacrificial Pit
07:12 Black Citadel
07:51 Ziggurat
07:52 Ziggurat
09:43 Boneyard
09:44 Boneyard
13:02 Ziggurat
13:03 Ziggurat
13:03 Ziggurat
» items
| Rod of Necromancy | 1 | |
| Scroll of Town Portal | 2 | |
| Potion of Healing | 1 | |
| Orb of Corruption | 1 | |
| Potion of Mana | 1 | |
6 total
Nikola_Tesla (
teal | 80 APM | 2002 actions | 25:04)
4 Death Knight
2 Death Coil
2 Unholy Aura
4 Lich
2 Frost Nova
2 Frost Armor
» actions
| Assign group hotkey | 121 | |
| Basic commands | 98 | |
| Build / train | 42 | |
| Enter build submenu | 17 | |
| Enter hero's abilities submenu | 9 | |
| Give item / drop item | 2 | |
| Right click | 901 | |
| Select / deselect | 190 | |
| Select group hotkey | 544 | |
| Use ability | 78 | |
2002 total
» units
| Acolyte | 6 | |
| Ghoul | 2 | |
| Crypt Fiend | 9 | |
| Frost Wyrm | 6 | |
23 total
» upgrades
» buildings
| Crypt | 1 | |
| Graveyard | 1 | |
| Ziggurat | 7 | |
| Altar of Darkness | 1 | |
| Tomb of Relics | 1 | |
| Nerubian Tower | 1 | |
| Halls of the Dead | 1 | |
| Black Citadel | 1 | |
| Sacrificial Pit | 1 | |
| Boneyard | 2 | |
17 total
» build order
00:06 Crypt
00:14 Graveyard
00:40 Ziggurat
00:59 Altar of Darkness
01:40 Ziggurat
02:01 Tomb of Relics
02:08 Nerubian Tower
04:06 Halls of the Dead
04:31 Ziggurat
08:16 Black Citadel
08:18 Ziggurat
09:29 Ziggurat
10:33 Sacrificial Pit
11:26 Boneyard
11:30 Boneyard
13:05 Ziggurat
13:07 Ziggurat
» items
| Rod of Necromancy | 2 | |
| Potion of Healing | 1 | |
| Potion of Mana | 1 | |
| Scroll of Town Portal | 1 | |
5 total
OhBother (
orange | 49 APM | 1335 actions | 27:27)
7 Archmage
3 Summon Water Elemental
3 Brilliance Aura
1 Mass Teleport
» actions
| Assign group hotkey | 22 | |
| Basic commands | 127 | |
| Build / train | 76 | |
| Enter build submenu | 42 | |
| Enter hero's abilities submenu | 7 | |
| Give item / drop item | 5 | |
| Right click | 480 | |
| Select / deselect | 321 | |
| Select group hotkey | 149 | |
| Use ability | 106 | |
1335 total
» units
| Peasant | 13 | |
| Footman | 5 | |
| Goblin Shredder | 1 | |
| Gryphon Rider | 11 | |
30 total
» upgrades
| Masonry | 2 | |
| Swords | 3 | |
| Armor | 3 | |
| Animal War Training | 1 | |
| Storm Hammers | 1 | |
| Cloud | 1 | |
11 total
» buildings
| Altar of Kings | 1 | |
| Barracks | 1 | |
| Farm | 10 | |
| Keep | 1 | |
| Lumber Mill | 1 | |
| Town Hall | 3 | |
| Arcane Vault | 2 | |
| Scout Tower | 17 | |
| Guard Tower | 9 | |
| Castle | 1 | |
| Gryphon Aviary | 3 | |
| Blacksmith | 2 | |
51 total
» build order
00:41 Altar of Kings
00:43 Barracks
00:55 Farm
01:06 Farm
01:29 Farm
01:30 Farm
03:50 Keep
04:34 Lumber Mill
04:45 Town Hall
04:54 Arcane Vault
05:20 Scout Tower
05:22 Scout Tower
05:23 Scout Tower
05:26 Scout Tower
05:49 Guard Tower
05:50 Guard Tower
05:52 Guard Tower
06:18 Guard Tower
06:18 Guard Tower
06:54 Scout Tower
06:57 Scout Tower
06:59 Scout Tower
07:00 Scout Tower
07:36 Guard Tower
07:47 Castle
09:18 Farm
09:41 Gryphon Aviary
10:33 Arcane Vault
10:35 Scout Tower
10:37 Scout Tower
10:39 Scout Tower
10:41 Scout Tower
10:46 Gryphon Aviary
10:48 Gryphon Aviary
11:05 Blacksmith
11:09 Blacksmith
11:12 Guard Tower
11:13 Guard Tower
11:14 Guard Tower
13:13 Farm
13:15 Farm
13:16 Farm
13:44 Farm
13:46 Farm
19:34 Town Hall
25:51 Town Hall
26:31 Scout Tower
26:33 Scout Tower
26:36 Scout Tower
26:37 Scout Tower
26:39 Scout Tower
» items
| Scroll of Regeneration | 6 | |
| Scroll of Town Portal | 1 | |
| Periapt of Vitality | 4 | |
| Lesser Clarity Potion | 2 | |
| Potion of Lesser Invulnerability | 2 | |
| Scroll of Protection | 1 | |
16 total
helgo (
purple | 176 APM | 4376 actions | 24:51)
5 Archmage
3 Summon Water Elemental
2 Brilliance Aura
5 Blood Mage
3 Siphon Mana
2 Flame Strike
» actions
| Assign group hotkey | 632 | |
| Basic commands | 62 | |
| Build / train | 68 | |
| Enter build submenu | 29 | |
| Enter hero's abilities submenu | 10 | |
| Remove unit from queue | 2 | |
| Right click | 1664 | |
| Select / deselect | 447 | |
| Select group hotkey | 1308 | |
| Use ability | 154 | |
4376 total
» units
| Peasant | 11 | |
| Footman | 6 | |
| Priest | 7 | |
| Mortar Team | 6 | |
| Siege Engine | 2 | |
32 total
» upgrades
| Defend | 1 | |
| Lumber Harvesting | 1 | |
| Priest Training | 2 | |
| Magic Sentry | 1 | |
| Fragmentation Shards | 1 | |
| Gunpowder | 2 | |
| Flare | 1 | |
| Masonry | 2 | |
| Barrage | 1 | |
12 total
» buildings
| Altar of Kings | 1 | |
| Farm | 11 | |
| Barracks | 1 | |
| Scout Tower | 6 | |
| Arcane Tower | 1 | |
| Lumber Mill | 1 | |
| Keep | 1 | |
| Guard Tower | 2 | |
| Arcane Sanctum | 2 | |
| Castle | 1 | |
| Blacksmith | 1 | |
| Workshop | 3 | |
| Arcane Vault | 1 | |
32 total
» build order
00:08 Altar of Kings
00:20 Farm
00:23 Farm
00:52 Barracks
01:31 Farm
01:37 Scout Tower
02:04 Arcane Tower
02:50 Lumber Mill
03:15 Keep
04:28 Farm
04:29 Farm
05:47 Scout Tower
05:50 Scout Tower
06:36 Guard Tower
06:38 Arcane Sanctum
06:40 Arcane Sanctum
07:33 Castle
07:36 Farm
07:38 Blacksmith
09:21 Farm
09:33 Farm
09:36 Workshop
09:39 Workshop
09:55 Workshop
11:15 Farm
11:56 Farm
12:32 Farm
13:41 Scout Tower
13:44 Scout Tower
15:45 Guard Tower
15:53 Arcane Vault
21:26 Scout Tower
» items
Chat log
(00:09 / All) Kvelertak: Does anyone like being gang raped by 4 people?
(00:11 / All) Kvelertak: Just wondering
(00:15 / All) TOBY-GEARHEART.: sup gangzatz
(00:15 / All) Kvelertak: for porn preference inquiries
(00:28 / Allies) huge-noob: necs wagons
(00:31 / All) 7hiNKTaNK: mouthfull of glacier
(00:32 / Allies) huge-noob: dest
(00:52 / All) OhBother: My music folder is starting to look respectable
(01:01 / All) 7hiNKTaNK: is it in .flac
(01:02 / All) huge-noob: have any biebs?
(01:15 / All) 7hiNKTaNK: then it aint shit
(01:22 / All) OhBother: Of course, can't leave the Biebs out if I want to garner the respect of my peers
(02:05 / Allies) huge-noob: sup pinky. what units
(02:06 / Allies) huge-noob: ?
(02:13 / Allies) 7hiNKTaNK: am foot
(02:26 / Allies) huge-noob: word
(02:42 / Allies) TOBY-GEARHEART.: at least we got a halfway competent responce out of him
(02:51 / Allies) huge-noob: hahaha
(02:59 / All) Nikola_Tesla: hey, do u guys have an orc?
(03:01 / Allies) TOBY-GEARHEART.: its ok pink
(03:05 / Allies) TOBY-GEARHEART.: we dont judge
(03:09 / All) OhBother: I'm begging of you please don't take my man
(03:16 / Allies) huge-noob: speak for yourself toby
(03:32 / All) TOBY-GEARHEART.: BURI FROSTBERD
(03:46 / All) OhBother: fucking teal
(03:55 / All) huge-noob: ?
(03:56 / All) huge-noob: leeching?
(04:05 / All) OhBother: fucked up my attack move peons
(04:10 / All) OhBother: now stealing exp
(04:16 / All) huge-noob: wow
(04:19 / All) huge-noob: his dk is mine
(04:28 / All) TOBY-GEARHEART.: damn u quick
(04:30 / All) TOBY-GEARHEART.: Nigga
(04:30 / Allies) huge-noob: come help
(04:59 / All) TOBY-GEARHEART.: purp got that mh
(05:16 / All) huge-noob: i see you shinin nigga
(06:22 / All) OhBother: teal I really dislike you
(06:27 / All) OhBother: you saw fucking pink coming
(06:52 / All) huge-noob: lmao
(06:54 / All) huge-noob: waste
(07:21 / All) TOBY-GEARHEART.: silly trix
(08:09 / All) OhBother: center expos suckj on this map
(08:16 / All) OhBother: so hard to get to them
(08:19 / All) OhBother: to defend
(09:01 / All) TOBY-GEARHEART.: i require some wood
(09:13 / Allies) Kvelertak: As do I
(09:13 / All) Nikola_Tesla: thats what she said
(09:21 / Allies) Kvelertak: ty
(09:25 / Allies) huge-noob: np
(09:37 / All) OhBother: Teal's insufferable
(09:47 / All) OhBother: fucking cracking 2005 jokes
(09:49 / Allies) TOBY-GEARHEART.: gold me pinky
(09:51 / All) Nikola_Tesla: ur intolerant
(09:54 / All) TOBY-GEARHEART.: like how
(09:55 / All) huge-noob: like what?
(10:02 / All) OhBother: PoS
(10:07 / All) OhBother: I'm going to rape you motehrfucker
(10:21 / All) OhBother: You'll regret it pink
(10:26 / All) OhBother: Promise you that
(10:50 / All) huge-noob: i agree
(10:50 / All) OhBother: lumber
(10:57 / All) huge-noob: he probably will regret being a dick
(11:01 / All) huge-noob: and attacking your expo
(11:28 / All) OhBother: Ignorant slut
(12:04 / Allies) huge-noob: chill pinky i aint takin yo items
(13:11 / Allies) TOBY-GEARHEART.: let us hit
(13:19 / Allies) huge-noob: first time going necs
(13:28 / Allies) 7hiNKTaNK: meet
(13:40 / Allies) TOBY-GEARHEART.: i nuke heros
(13:41 / Allies) TOBY-GEARHEART.: only heros
(14:09 / Allies) TOBY-GEARHEART.: GOGO
(14:11 / Allies) huge-noob: all my towers
(14:11 / Allies) huge-noob: need
(14:20 / Allies) TOBY-GEARHEART.: focus nigger dk teal
(14:56 / All) Kvelertak: FUCJCAWJFAWJFJKFAWJKFWKALAW
(15:01 / All) Kvelertak: STaff selected
(15:06 / All) Kvelertak: and wouldn't let me select invul potion
(15:17 / Allies) huge-noob: wood
(15:42 / All) OhBother: Ready pink?|
(15:59 / Allies) 7hiNKTaNK: tp
(16:16 / Allies) huge-noob: get some hawks
(16:25 / Allies) Kvelertak: Flamechamp
(16:32 / Allies) TOBY-GEARHEART.: yes
(16:34 / Allies) Kvelertak: come with me
(16:40 / Allies) Kvelertak: we could have taken teal
(16:42 / All) huge-noob: nice teal
(16:43 / All) huge-noob: fucker
(16:45 / All) TOBY-GEARHEART.: well done teal
(16:45 / Allies) Kvelertak: nvm 2 there now
(16:48 / All) TOBY-GEARHEART.: u get a retard award
(16:49 / All) Nikola_Tesla: hey
(16:57 / All) Nikola_Tesla: nice surround
(17:02 / All) huge-noob: thx
(17:05 / All) Nikola_Tesla: was going for that weak as griffon
(17:10 / All) huge-noob: nice wyrms
(17:14 / All) Kvelertak: FREE WYRMS
(17:42 / All) TOBY-GEARHEART.: FALL BACK
(18:05 / Allies) huge-noob: man fck wyrms
(20:33 / All) Nikola_Tesla: way to build so many towers that it hindered ur building abilities
(20:40 / All) Nikola_Tesla: no armies
(20:42 / Allies) Kvelertak: help wtf
(20:58 / All) Nikola_Tesla: oj is up to faggotry
(21:02 / All) OhBother: Why don't you shut the hell up, teal?
(21:15 / Allies) huge-noob: man fuck
(21:17 / All) Nikola_Tesla: because its a free country
(21:31 / Allies) huge-noob: tp
(21:32 / Allies) huge-noob: soon
(21:35 / All) OhBother: I don't like thems that don't help to protect my properties
(21:38 / All) Nikola_Tesla: us east
(21:43 / All) Nikola_Tesla: why u all so negative
(21:43 / All) huge-noob: nice base teal
(21:57 / Allies) huge-noob: tping
(21:59 / Allies) huge-noob: in 3
(22:01 / Allies) huge-noob: 2
(22:02 / Allies) huge-noob: 1
(22:03 / Allies) huge-noob: gogog
(22:36 / All) TOBY-GEARHEART.: TP TO UR BASE PURP
(22:38 / All) TOBY-GEARHEART.: i dare u
(23:00 / All) Kvelertak: I'm just going afk since no one is doing anything
(23:08 / All) Nikola_Tesla: aight im going AFK
(23:10 / All) Nikola_Tesla: gg
(23:12 / Allies) huge-noob: im stuck..
(23:12 / Allies) huge-noob: lol
(23:17 / All) TOBY-GEARHEART.: lawl
(23:37 / All) TOBY-GEARHEART.: lucky nigger
(24:08 / Allies) huge-noob: lol thx
(25:05 / All) huge-noob: dick
(25:29 / All) TOBY-GEARHEART.: my mouse is so f'd up right now i swear i click in front of me and my hero goes halfway across to the other side of map
(25:44 / All) TOBY-GEARHEART.: its really quite fun
(25:46 / Allies) huge-noob: wow
(25:47 / Allies) huge-noob: lol
(25:50 / Allies) huge-noob: i was not looking
(25:51 / All) TOBY-GEARHEART.: i get to wonder where it'll show up
(25:54 / Allies) huge-noob: where he was going
(26:48 / All) TOBY-GEARHEART.: homoooooooo
(26:51 / All) TOBY-GEARHEART.: tony homoooooooo
(26:58 / All) TOBY-GEARHEART.: i avenged u
(27:02 / Allies) Kvelertak: That was mine
(27:05 / All) OhBother: lawl
(27:11 / Allies) Kvelertak: I'll feed you though
(27:11 / All) OhBother: none of them said a word
(27:14 / All) OhBother: sadly
(27:14 / Allies) Kvelertak: since I don't feel like playing
(27:20 / All) OhBother: my team has 3 so they lsoe